 Dungeon Sprint DCSS version 0.02-122-g12e50fee3c (webtiles) character file.

Game seed: 13579101472133675835, levelgen mode: deterministic

0 lorenzova the Firebug (level 1, -3/10 HPs) Deep Elf Fire Elementalist. Began on Oct 6, 2020. Slain by Sigmund ... wielding a +0 scythe (13 damage) ... in the Dungeon (Sprint VI: "Thunderdome"). The game lasted 00:00:28 (47 turns).

lorenzova the Firebug (Deep Elf Fire Elementalist)    Turns: 47, Time: 00:00:30

Health: -3/10      AC:  2    Str:  5    XL:     1 ^: 12
Magic:  2/6        EV: 13    Int: 19    God:
Gold:   0          SH:  0    Dex: 15    Spells: 5/6 levels left

rFire    . . .     Vision   .   (no weapon)
rCold    . . .     Gourm    .   (no weapon)
rNeg     . . .     Faith    .   a - +0 robe
rPois    .         Spirit   .   (no helmet)
rElec    .         Reflect  .   (no cloak)
rCorr    .         Harm     .   (no gloves)
MR       .....     NoTele   +   (no boots)
Stlth    ++........             (no amulet)
HPRegen  0.13/turn              (no ring)
MPRegen  0.16/turn              (no ring)

@: no status effects
A: no striking features
a: no special abilities


You were in the Dungeon.
You were not hungry.

You visited 1 branch

Inventory:

Armour
 a - a +0 robe (worn)
Scrolls
 i - a scroll of blinking
Potions
 d - a potion of curing
 e - a potion of heal wounds
 f - a potion of haste
 g - 2 potions of magic
 h - a potion of berserk rage
Comestibles
 c - a ration


   Skills:
 - Level 2.4 Dodging
 - Level 2.4 Stealth
 + Level 3.0 Spellcasting
 + Level 3.2 Fire Magic


You had 5 spell levels left.
You knew the following spells:

 Your Spells              Type           Power        Failure   Level  Hunger
a - Foxfire               Fire           15 (25)      4%          1    None

Your spell library contained the following spells:

 Spells                   Type           Power        Failure   Level  Hunger
 Searing Ray              Fire           15 (50)      6%          2    ##.....
 Conjure Flame            Fire           15 (100)     12%         3    ###....
 Inner Flame              Hex/Fire       9 (100)      24%         3    ###....
 Sticky Flame             Fire/Pois      9 (100)      61%         4    ####...
 Fireball                 Fire           15 (200)     73%         5    ######.


Dungeon Overview and Level Annotations

Branches:
Dungeon (1/1)

Altars:
Cheibriados
Fedhas Madash
Kikubaaqudgha
Makhleb
Ru
Sif Muna
Trog
Uskayaw
Xom
Yredelemnul
Zin
The Shining One
Beogh
Jiyva

Shops:
D *?*:[((!!!!

Annotations:
D Sigmund


Message History

You conjure some foxfire!
Sigmund misses you (0).
Sigmund closely misses your foxfire (0).
Sigmund barely misses your foxfire (0).
The foxfire hits the wight (2).
The wight is lightly damaged. (15/17) HP The foxfire hits Sigmund (3).
Sigmund is heavily wounded. (15/29) HP
Casting: Foxfire (safe; 4% risk of failure)
Confirm with . or Enter, or press ? or * to list all spells.
You conjure some foxfire!
Do you really want to walk into your foxfire? [Y]es or [N]o only, please.
Do you really want to walk into your foxfire?
The foxfire hits the wight (2).
The wight is lightly damaged. (14/17) HP The foxfire hits the wight but does no damage (0).
The wight is lightly damaged. (14/17) HP Sigmund hits you from afar with a +0 scythe (13)!
Ouch! That really hurt!
You die...

......._# ......._#
........# ###.........###
#⌠...........⌠#
#.8.........8.######
......###.....z___∩## ...
..8. #.8.@......∩### ...
..###.....@§......## ....
#...###..........⌠# .....
#.<.# #..........⌠#
.....###...###..........⌠#
........###.............##
......8.# #.8........∩###
._......###......___∩##
###.8.........8.######
#⌠...........⌠#


You could see Sigmund and a wight.

Vanquished Creatures (others)
  10 foxfires (D)
10 creatures vanquished.

Notes
Turn   | Place    | Note
-------+----------+-------------------------------------------
     0 | D        | lorenzova the Deep Elf Fire Elementalist began the quest
                  | for the Orb.
     0 | D        | Reached XP level 1. HP: 10/10 MP: 6/6
     0 | D        | Found a shimmering altar of Xom.
     0 | D        | Found a hide-covered altar of Uskayaw.
     1 | D        | Found a glowing golden altar of the Shining One.
     2 | D        | Found a snail-covered altar of Cheibriados.
     2 | D        | Found a burning altar of Makhleb.
     3 | D        | Found a basalt altar of Yredelemnul.
     3 | D        | Found Gilioss's Premium Goods.
     3 | D        | Found Josaot's Weapon Rack.
     4 | D        | Found Ucaw's Miscellaneous Merchandise.
     4 | D        | Found Taarhiamn's Basic Armour.
     5 | D        | Round 1.
     6 | D        | Found a blossoming altar of Fedhas.
     7 | D        | Found a sacrificial altar of Ru.
    25 | D        | Found a viscous altar of Jiyva.
    25 | D        | Found Loolam's Do-It-Yourself Clinic.
    26 | D        | Found Godaqig's Bottled Wisdom.
    26 | D        | Found Xuotrefu's Distillery.
    27 | D        | Found an ancient bone altar of Kikubaaqudgha.
    27 | D        | Found a glowing silver altar of Zin.
    27 | D        | Found a shimmering blue altar of Sif Muna.
    27 | D        | Found Icuoppud's Distillery.
    35 | D        | Found a roughly hewn altar of Beogh.
    35 | D        | Noticed a wight
    36 | D        | Found a bloodstained altar of Trog.
    36 | D        | Found Voghynee's Staff Store.
    37 | D        | Found Inoas's Must-Have Magic.
    37 | D        | Found Rounk's Magic Scroll Shop.
    37 | D        | Noticed Sigmund
    47 | D        | Slain by Sigmund

Levels and vault maps discovered:
D:        arena_sprint

Action                   || total
-------------------------++-------
 Cast: Foxfire           ||     5
Dodge: Dodged            ||     1
